 Dungeon Crawl Stone Soup version 0.31-a0-431-g88bdf31460 (webtiles) character file.

Game seed: 16861933399641393171

120711 bmack86 the Warrior (level 16, -12/136 (144) HPs)
             Began as a Minotaur Fighter on Aug 1, 2023.
             Was the Champion of Okawaru.
             Mangled by a pharaoh ant (21 damage)
             ... on level 1 of the Spider Nest.
             The game lasted 01:10:49 (20959 turns).

bmack86 the Warrior (Minotaur Fighter)             Turns: 20959, Time: 01:10:49

HP:   -12/136 (144) AC: 30    Str: 31      XL:     16   Next: 30%
MP:   21/21         EV: 12    Int:  4 (5)  God:    Okawaru [******]
Gold: 2335          SH: 12    Dex: 14 (15) Spells: 15/15 levels left

rFire   + . .        S - +6 broad axe (heavy)
rCold   . . .        c - +0 buckler
rNeg    . . .        z - +3 plate armour
rPois   +            F - +3 hat of Zoenlius {+Inv rF+ Str+3}
rElec   .            a - +1 cloak of Starlight {*Dazzle EV+4 Stlth--}
rCorr   +            N - +1 pair of gloves "Ynucrocw" {rCorr Dex+4}
SInv    .            V - +1 pair of boots
Will    ++...        J - amulet of reflection Stlth
                     k - ring of poison resistance
HPRegen 0.42/turn    H - ring of Laoxiasch {Will+ rCorr Stlth+}
MPRegen 0.17/turn

%: reflection
@: drained
A: horns 2, retaliatory headbutt, frail 1
a: Renounce Religion, Evoke Invisibility, Heroism, Finesse, Duel


You were on level 1 of the Spider Nest.
You worshipped Okawaru.
Okawaru was exalted by your worship.
You visited 5 branches of the dungeon, and saw 24 of its levels.
You also visited: Ice Cave.

You collected 3544 gold pieces.
You spent 1209 gold pieces at shops.

Inventory:

Hand Weapons
 x - a +2 war axe of flaming
 R - a +4 broad axe of freezing
 S - a +6 heavy broad axe (weapon)
Missiles
 d - 13 curare-tipped darts
 h - 5 throwing nets
 i - 19 javelins
 n - 26 boomerangs (quivered)
 K - 2 silver javelins
Armour
 a - the +1 cloak of Starlight (worn) {*Dazzle EV+4 Stlth--}
   (You acquired it on level 2 of the Lair of Beasts)

   *Dazzle:   It may blind those who miss an attack against the wearer in melee
   combat.
   EV:        It affects your evasion (+4).
   Stlth:     It makes you much less stealthy.
 c - a +0 buckler (worn)
 w - a +2 hat of see invisible
 z - a +3 plate armour (worn)
 D - a +2 tower shield of cold resistance
 F - the +3 hat of Zoenlius (worn) {+Inv rF+ Str+3}
   (Okawaru gifted it to you on level 1 of the Orcish Mines)

   Str:       It affects your strength (+3).
   rF:        It protects you from fire.
   +Inv:      It lets you turn invisible.
 N - the +1 pair of gloves "Ynucrocw" (worn) {rCorr Dex+4}
   (You found it on level 7 of the Dungeon)

   Dex:       It affects your dexterity (+4).
   rCorr:     It protects you from acid and corrosion.
 O - a +1 plate armour of fire resistance
 V - a +1 pair of boots (worn)
Jewellery
 f - the ring of Qamiegya {rElec Int+6 Slay+5}
   (You bought it in a shop on level 2 of the Orcish Mines)

   [ring of intelligence]

   Int:       It affects your intelligence (+6).
   Slay:      It affects your accuracy & damage with ranged weapons and melee
   (+5).
   rElec:     It insulates you from electricity.
 k - a ring of poison resistance (left hand)
 v - an amulet of regeneration
 y - a ring of willpower
 G - a ring of flight
 H - the ring of Laoxiasch (right hand) {Will+ rCorr Stlth+}
   (You found it on level 7 of the Dungeon)

   [ring of resist corrosion]

   rCorr:     It protects you from acid and corrosion.
   Will:      It increases your willpower.
   Stlth:     It makes you more stealthy.
 J - an amulet of reflection (around neck)
Wands
 m - a wand of polymorph (22)
 I - a wand of iceblast (8)
 M - a wand of light (10)
 T - a wand of flame (34)
Scrolls
 g - 11 scrolls of teleportation
 r - 2 scrolls of revelation
 A - 2 scrolls of fog
 P - 5 scrolls of fear
 U - 2 scrolls of blinking
 X - a scroll of identify
Potions
 e - 7 potions of enlightenment
 j - 4 potions of haste
 l - 3 potions of resistance
 p - 4 potions of cancellation
 q - 5 potions of mutation
 s - 3 potions of berserk rage
 t - 6 potions of curing
 u - 6 potions of ambrosia
 C - 3 potions of lignification
 Q - 2 potions of might
 Y - a potion of heal wounds
 Z - 2 potions of brilliance


   Skills:
 + Level 19.4 Fighting
 - Level 18.0 Axes
 - Level 10.0 Throwing
 + Level 14.5 Armour
 + Level 13.5 Shields
 - Level 8.0 Invocations


You had 15 spell levels left.
You didn't know any spells.
Your spell library contained the following spells:

 Spells                   Type           Power      Damage    Failure   Level
 Apportation              Tloc           0%         N/A       97%         1
 Magic Dart               Conj           0%         1d3       97%         1
 Necrotise                Necr           0%         1d4       97%         1
 Sting                    Tmut/Pois      0%         1d3       97%         1
 Blink                    Tloc           0%         N/A       99%         2
 Cigotuvi's Dreadful Rot  Necr/Pois/Air  0%         N/A       99%         2
 Ensorcelled Hibernation  Hex/Ice        0%         N/A       99%         2
 Lesser Beckoning         Tloc           0%         N/A       99%         2
 Momentum Strike          Conj/Tloc      0%         3d8       99%         2
 Scorch                   Fire           0%         2d5       99%         2
 Searing Ray              Conj           0%         2d4       99%         2
 Ignite Poison            Fire/Tmut/Pois 0%         N/A       100%        3
 Volatile Blastmotes      Fire/Tloc      0%         2d10      100%        3
 Anguish                  Hex/Necr       0%         N/A       100%        4
 Flame Wave               Conj/Fire      0%         2d4       100%        4
 Fulminant Prism          Conj/Hex       0%         3d5       100%        4
 Iskenderun's Mystic Bla  Conj/Tloc      0%         2d3       100%        4
 Alistair's Intoxication  Tmut/Pois      0%         N/A       100%        5
 Freezing Cloud           Conj/Ice/Air   0%         6-21      100%        5
 Summon Small Mammal      Summ           Unusable   N/A       N/A         1
 Summon Cactus Giant      Summ           Unusable   N/A       N/A         6

Dungeon Overview and Level Annotations

Branches:
Dungeon (15/15)            Temple (1/1) D:7            Lair (5/5) D:11
  Swamp (0/4) Lair:2       Spider (1/4) Lair:3        Slime (0/5) Lair:4
    Orc (2/2) D:11            Elf (0/3) Orc:2        Vaults (0/5) D:13
 Depths (0/4) D:15          IceCv (visited)

Altars:
Ashenzari
Cheibriados
Dithmenos
Elyvilon
Fedhas
Gozag
Hepliaklqana
Kikubaaqudgha
Makhleb
Nemelex Xobeh
Okawaru
Qazlal
Ru
Sif Muna
Trog
Uskayaw
Vehumet
Wu Jian
Xom
Yredelemnul
Zin
The Shining One
Jiyva

Shops:
D:3 ([*=:   Orc:1 (   Orc:2 ==*(

Annotations:
Spider:1 Asterion


Innate Abilities, Weirdness & Mutations

You have a pair of horns on your head.
You reflexively headbutt those who attack you in melee.
You are frail. (-10% HP)


Message History

The jumping spider pounces on you but does no damage.
The jumping spider bites you but does no damage.
The pharaoh ant bites you.
* * * LOW HITPOINT WARNING * * *
You block the jumping spider's attack. x2; You block the pharaoh ant's attack.
The demonic crawler completely misses you.
The demonic crawler's sight is seared by the starlight!
The demonic crawler hits you.
* * * LOW HITPOINT WARNING * * *
The demonic crawler closely misses you.
The blizzard demon waves its arms in wide circles.
The air twists around and strikes you.
A demonic crawler comes into view.
The demonic crawler gives a hideous shriek!
You hit the jumping spider.
You headbutt the jumping spider, but do no damage.
The jumping spider is lightly wounded.
You slice the pharaoh ant!!
You barely miss the wolf spider simulacrum.
You chop the demonic crawler into pieces!!!
You kill the demonic crawler!
Okawaru accepts your kill.
You hit the wolf spider simulacrum.
The wolf spider simulacrum hits you but does no damage.
You block the wolf spider simulacrum's attack.
The jumping spider leaps!
The pharaoh ant bites you.
* * * LOW HITPOINT WARNING * * *
You feel drained.
* * * LOW HITPOINT WARNING * * *
The wolf spider simulacrum hits you.
* * * LOW HITPOINT WARNING * * *
The wolf spider simulacrum freezes you!
* * * LOW HITPOINT WARNING * * *
The wolf spider simulacrum bites you but does no damage.
The blizzard demon is caught in a web!
You block Asterion's attack. Asterion gores you but does no damage.
The wolf spider simulacrum hits you but does no damage.
The wolf spider simulacrum closely misses you.
The pharaoh ant bites you!!
You die...

.... #...#
... .... .?.
...# .. ... #
#.#.s##
#..#.#.y...##
.....2HBZ...#
##@##..#
##Z°#...#
#.....###
###....^#
###...#
#^...# ###s.#
. #....# .#
###...#


You could see Asterion (fast, soul bound), a blizzard demon (summoned, webbed),
a spark wasp (soul bound), an orb spider (soul bound, charged), a pharaoh ant, a
jumping spider (soul bound) and 2 wolf spider simulacra.

Vanquished Creatures
  Jorgrun (Orc:2)
  Gastronok (Lair:1)
  Frances (D:13)
  Roxanne (D:15)
  A ghost moth (Spider:1)
  An orc warlord (Orc:1)
  An ironbound preserver (D:13)
  Nessos (Lair:5)
  A dire elephant (Lair:5)
  An ettin (Orc:1)
  An entropy weaver (Spider:1)
  A fire dragon (D:15)
  2 ogre magi
  4 centaur warriors
  5 hydras
  5 catoblepae
  2 ice dragons
  7 boulder beetles
  Erica (D:8)
  5 two-headed ogres
  15 death yaks
  A deep troll shaman (Lair:5)
  3 demonic crawlers (Spider:1)
  Urug (Orc:2)
  4 orc high priests
  2 skysharks
  2 skeletal warriors
  2 pharaoh ants (Spider:1)
  Lodul (D:14)
  A bog body (Lair:2)
  4 deep elf pyromancers
  A lindwurm (Lair:5)
  5 orc knights
  4 manticores
  2 steelbarb worms (Spider:1)
  4 wolf spiders (Spider:1)
  4 orc sorcerers
  A moth of wrath (Spider:1)
  5 cyclopes
  15 ugly things
  9 elephants
  4 gargoyles
  A torpor snail (Lair:3)
  4 black mambas
  2 ice statues (IceCv)
  7 rime drakes
  17 cane toads
  An unseen horror (D:12)
  A kobold demonologist (D:14)
  9 komodo dragons
  2 tengu conjurers
  A queen bee (Lair:3)
  4 polar bears
  2 burning bushes (Lair:4)
  6 trolls
  3 hornets
  6 tarantellas (Spider:1)
  3 meliai (Lair:3)
  12 blink frogs (Lair:5)
  4 dream sheep (Lair:5)
  5 jumping spiders
  5 culicivoras
  A shadow (D:12)
  2 wraiths
  3 slime creatures (D:14)
  6 wyverns
  52 yaks
  A vampire (D:12)
  A golden eye (D:13)
  6 basilisks
  11 vampire mosquitoes
  2 steam dragons
  6 wargs
  4 redbacks (Spider:1)
  3 acid dragons
  24 water moccasins
  32 orc warriors
  8 black bears
  A swamp drake (D:11)
  4 ice beasts
  13 centaurs
  15 ogres
  29 wolves
  4 boggarts (D:14)
  3 phantoms
  2 kobold brigands
  22 bullfrogs
  A gnoll sergeant (D:12)
  4 scorpions
  A wight (D:6)
  2 lindwurm simulacra (IceCv)
  33 killer bees
  6 howler monkeys
  An electric eel (Lair:1)
  7 komodo dragon simulacra (IceCv)
  3 jellies
  An iron imp (D:10)
  23 orc priests
  3 hounds
  Crazy Yiuf (D:3)
  3 sleepcaps
  A gnoll bouda (D:5)
  4 iguanas
  22 orc wizards
  5 hell rats
  8 gnolls
  5 acid dragon simulacra (IceCv)
  2 river rats (Lair:3)
  4 adders
  5 white imps
  7 steam dragon simulacra (IceCv)
  A worm (D:2)
  2 dart slugs
  89 orcs
  5 ball pythons
  10 endoplasms
  4 giant cockroaches
  5 goblins
  6 hobgoblins
  4 quokkas (D:1)
  2 bats (D:1)
  4 frilled lizards
  14 kobolds
  3 rats
784 creatures vanquished.

Vanquished Creatures (others)
  A vampire (D:11)
  A bullfrog (D:6)
2 creatures vanquished.

Grand Total: 786 creatures vanquished

Notes
Turn   | Place    | Note
-------+----------+-------------------------------------------
     0 | D:1      | bmack86 the Minotaur Fighter began the quest for the Orb.
     0 | D:1      | Reached XP level 1. HP: 19/19 MP: 0/0
   382 | D:1      | Reached XP level 2. HP: 26/26 MP: 1/1
   394 | D:1      | Found a faded altar of an unknown god.
   418 | D:1      | Got Plato's Catalogue of Modification
   807 | D:2      | Reached XP level 3. HP: 31/31 MP: 2/2
  1069 | D:2      | You fall into a shaft and drop 2 floors!
  1103 | D:3      | Found Jif Symno's Book Shoppe.
  1185 | D:3      | Found Icze's General Store.
  1335 | D:3      | Reached skill level 5 in Axes
  1335 | D:3      | Reached XP level 4. HP: 39/39 MP: 3/3
  1398 | D:3      | Found Biusal's Jewellery Shop.
  1415 | D:3      | Found a runed translucent door.
  1416 | D:3      | Noticed Crazy Yiuf
  1567 | D:3      | Found Etin's Antique Weapon Shop.
  1596 | D:3      | Found Fotiass's Armour Boutique.
  1700 | D:3      | Found a shadowy altar of Dithmenos.
  1700 | D:3      | Found a basalt altar of Yredelemnul.
  1758 | D:3      | Noticed an ice beast
  1777 | D:3      | Killed an ice beast
  1778 | D:3      | Reached XP level 5. HP: 30/45 MP: 4/4
  1863 | D:3      | Killed Crazy Yiuf
  2162 | D:4      | Reached XP level 6. HP: 51/51 MP: 5/5
  2322 | D:4      | Found a shimmering altar of Xom.
  2391 | D:4      | Found a shimmering altar of Xom.
  2403 | D:4      | Identified the +1 short sword "Nunudeit" {pain, Drain rC+++
                  | Will+ Str+2}
  2894 | D:4      | Found a glowing golden altar of the Shining One.
  2906 | D:4      | Reached XP level 7. HP: 54/57 MP: 6/6
  3106 | D:5      | Entered Level 5 of the Dungeon
  3215 | D:5      | Reached skill level 10 in Axes
  3275 | D:5      | Found a white marble altar of Elyvilon.
  3307 | D:5      | Reached XP level 8. HP: 55/64 MP: 7/7
  3595 | D:6      | Found an ornate altar of the Wu Jian Council.
  4180 | D:7      | Reached XP level 9. HP: 44/70 MP: 8/8
  4455 | D:7      | Noticed a troll
  4493 | D:7      | Found a staircase to the Ecumenical Temple.
  4502 | Temple   | Entered the Ecumenical Temple
  4508 | Temple   | Became a worshipper of Warmaster Okawaru
  4728 | D:7      | Identified the ring of Laoxiasch {Will+ rCorr Stlth+}
  4920 | D:7      | Noticed a troll
  4922 | D:7      | Found a transporter.
  5035 | D:7      | Found a transporter.
  5304 | D:7      | Noticed an ogre mage
  5517 | D:8      | Reached skill level 15 in Axes
  5532 | D:8      | Noticed Erica
  5542 | D:8      | Killed Erica
  5542 | D:8      | Reached * piety under Okawaru
  6043 | D:8      | Noticed a gargoyle
  6055 | D:8      | Killed a gargoyle
  6055 | D:8      | Reached ** piety under Okawaru
  6056 | D:8      | Reached XP level 10. HP: 71/77 MP: 9/9
  6058 | D:8      | Noticed a skeletal warrior
  6077 | D:8      | Killed a skeletal warrior
  6259 | D:8      | Reached skill level 1 in Invocations
  6320 | D:8      | Found a hazy altar of Hepliaklqana.
  6384 | D:9      | Noticed a two-headed ogre
  6391 | D:9      | Killed a two-headed ogre
  6436 | D:9      | Reached *** piety under Okawaru
  6480 | D:9      | Reached skill level 5 in Invocations
  6531 | D:9      | Reached skill level 4 in Fighting
  6869 | D:9      | Reached XP level 11. HP: 76/85 MP: 14/14
  7021 | D:9      | Noticed a two-headed ogre
  7029 | D:9      | HP: 1/85 [two-headed ogre/+0 giant club (20)]
  7031 | D:9      | Killed a two-headed ogre
  7199 | D:10     | Entered Level 10 of the Dungeon
  7234 | D:10     | Reached **** piety under Okawaru
  7235 | D:10     | Reached skill level 5 in Fighting
  7514 | D:10     | Found a snail-covered altar of Cheibriados.
  7568 | D:10     | Reached skill level 6 in Fighting
  7664 | D:10     | Reached skill level 5 in Armour
  7664 | D:10     | Reached skill level 5 in Shields
  7978 | D:3      | Bought a potion of heal wounds for 60 gold pieces
  7978 | D:3      | Bought a scroll of identify for 24 gold pieces
  7978 | D:3      | Bought a potion of berserk rage for 60 gold pieces
  8146 | D:7      | Killed an ogre mage
  8147 | D:7      | Reached skill level 7 in Fighting
  8149 | D:7      | Reached ***** piety under Okawaru
  8187 | D:7      | Identified the +1 pair of gloves "Ynucrocw" {rCorr Dex+4}
  8575 | D:11     | Found a staircase to the Lair.
  8575 | D:11     | Noticed a death yak
  8594 | D:11     | Killed a death yak
  8595 | D:11     | Reached skill level 8 in Fighting
  8609 | D:11     | Received a gift from Okawaru
  8769 | D:11     | Identified the +1 ring mail of Levity {Will++ Int+3}
  8882 | D:11     | Found an iron altar of Okawaru.
  8930 | D:11     | Reached XP level 12. HP: 98/103 MP: 16/16
  8939 | D:11     | Reached skill level 9 in Fighting
  9161 | D:11     | Found a staircase to the Orcish Mines.
  9551 | D:12     | Noticed a boulder beetle
  9567 | D:12     | Reached skill level 10 in Fighting
  9573 | D:12     | Killed a boulder beetle
  9573 | D:12     | Received a gift from Okawaru
  9665 | D:12     | Noticed a boulder beetle
  9686 | D:12     | Killed a boulder beetle
  9894 | D:13     | Noticed Frances
  9908 | D:13     | Killed Frances
  9909 | D:13     | Reached skill level 11 in Fighting
  9909 | D:13     | Reached skill level 1 in Throwing
  9976 | D:13     | Noticed a centaur warrior
  9984 | D:13     | Killed a centaur warrior
 10110 | D:13     | Noticed Sonja
 10111 | D:13     | Sonja changed into Sonja the golden eye
 10111 | D:13     | Noticed Sonja
 10113 | D:13     | Found an opulent altar of Gozag.
 10123 | D:13     | Killed Sonja the golden eye
 10167 | D:13     | Noticed a boulder beetle
 10176 | D:13     | Killed a boulder beetle
 10252 | D:13     | Reached skill level 12 in Fighting
 10408 | D:13     | Noticed a six-headed hydra
 10408 | D:13     | Noticed a catoblepas
 10408 | D:13     | Noticed an ironbound preserver
 10422 | D:13     | Found a gate to the Vaults.
 10511 | Lair:1   | Entered Level 1 of the Lair of Beasts
 10762 | Lair:1   | Reached ****** piety under Okawaru
 10961 | Lair:1   | Received a gift from Okawaru
 11007 | Lair:1   | Noticed Gastronok
 11016 | Lair:1   | Killed Gastronok
 11017 | Lair:1   | Reached XP level 13. HP: 103/119 MP: 18/18
 11311 | Lair:2   | Found a frozen archway.
 11343 | IceCv    | Entered an ice cave
 11536 | IceCv    | Reached skill level 13 in Fighting
 11539 | IceCv    | Received a gift from Okawaru
 11924 | Lair:2   | Reached skill level 10 in Armour
 11971 | Lair:2   | Reached skill level 5 in Throwing
 12079 | Lair:2   | Reached skill level 14 in Fighting
 12098 | Lair:2   | Found a staircase to the Swamp.
 12497 | Lair:2   | Identified a scroll of acquirement
 12498 | Lair:2   | Acquired the +1 cloak of Starlight {*Dazzle EV+4 Stlth--}
 12498 | Lair:2   | Found the +1 cloak of Starlight {*Dazzle EV+4 Stlth--}
 12885 | Lair:3   | Received a gift from Okawaru
 13094 | Lair:3   | Reached XP level 14. HP: 115/133 MP: 19/19
 13126 | Lair:3   | Reached skill level 15 in Fighting
 13385 | Lair:3   | Found a hole to the Spider Nest.
 13682 | Lair:3   | Identified the +5 hand axe of Dismay {holy, rElec Will++
                  | Dex-3 Stlth+}
 13984 | Lair:4   | Identified the +1 battleaxe of Disembowelment {holy, rPois}
                  | (Okawaru gifted it to you on level 4 of the Lair of Beasts)
 13984 | Lair:4   | Received a gift from Okawaru
 13995 | Lair:4   | Reached skill level 10 in Shields
 14052 | Lair:4   | Found a viscous altar of Jiyva.
 14053 | Lair:4   | Found a staircase to the Slime Pits.
 14162 | Lair:4   | Identified the +8 great sword of Terror {elec, rCorr Dex+3}
 14619 | Lair:5   | Entered Level 5 of the Lair of Beasts
 14656 | Lair:5   | Reached skill level 16 in Fighting
 14681 | Lair:5   | Received a gift from Okawaru
 15176 | Lair:5   | Received a gift from Okawaru
 15256 | Lair:5   | Received a gift from Okawaru
 15271 | Lair:5   | Reached skill level 17 in Fighting
 15319 | Lair:5   | Reached XP level 15. HP: 21/147 MP: 20/20
 15646 | Lair:5   | Noticed Nessos
 15660 | Lair:5   | Killed Nessos
 16116 | Orc:1    | Entered Level 1 of the Orcish Mines
 16139 | Orc:1    | Gained mutation: You are frail. (-10% HP) [a neqoxec]
 16152 | Orc:1    | Identified the +3 hat of Zoenlius {+Inv rF+ Str+3} (Okawaru
                  | gifted it to you on level 1 of the Orcish Mines)
 16152 | Orc:1    | Received a gift from Okawaru
 16392 | Orc:2    | Entered Level 2 of the Orcish Mines
 16406 | Orc:2    | Noticed Jorgrun
 16420 | Orc:2    | Killed Jorgrun
 16647 | Orc:2    | Noticed Urug
 16654 | Orc:2    | Killed Urug
 16752 | Orc:2    | Found a staircase to the Elven Halls.
 17181 | Orc:2    | Found Obluohid's Antique Weapon Shop.
 17181 | Orc:2    | Found Neelafup's Assorted Antiques.
 17183 | Orc:2    | Found Vejef's Jewellery Shop.
 17183 | Orc:2    | Found Loroenac's Jewellery Emporium.
 17192 | Orc:2    | Bought the ring of Qamiegya {rElec Int+6 Slay+5} for 1065
                  | gold pieces
 17525 | Orc:1    | Found Uraf's Weapon Shoppe.
 17539 | Orc:1    | Reached skill level 18 in Fighting
 18474 | D:14     | Received a gift from Okawaru
 18616 | D:14     | Identified the +2 robe of Zaikewn {rPois rF+ Regen+ rCorr}
                  | (Okawaru gifted it to you on level 14 of the Dungeon)
 18616 | D:14     | Received a gift from Okawaru
 18836 | D:14     | Noticed Lodul
 18847 | D:14     | Killed Lodul
 19385 | D:15     | Entered Level 15 of the Dungeon
 19426 | D:15     | Noticed Roxanne
 19605 | D:15     | Found a staircase to the Depths.
 19733 | D:15     | Reached XP level 16. HP: 128/143 MP: 21/21
 19867 | D:15     | Killed Roxanne
 19868 | D:15     | Reached skill level 19 in Fighting
 20191 | Spider:1 | Entered Level 1 of the Spider Nest
 20262 | Spider:1 | Reached skill level 10 in Throwing
 20886 | Spider:1 | Received a gift from Okawaru
 20886 | Spider:1 | Found the +7 Kryia's mail coat {PotionHeal*2 rC+}
 20951 | Spider:1 | Noticed Asterion
 20959 | Spider:1 | Mangled by a pharaoh ant

Illustrated notes

Levels and vault maps discovered:
D:1:      dpeg_arrival_ternary, layout_basic,
          shapermc_ecumenical_altar_rom_forum
D:2:      layout_rooms, grunt_ministairs_10
D:3:      layout_rooms, gammafunk_temple_overflow_pools, serial_shops, shop,
          nicolae_shop_tiny_waterfront, shop, shop, shop_statue,
          uniq_crazy_yiuf_cottage
D:4:      kennysheep_spiral_hall, layout_loops_corners, xom_redecorated,
          nicolae_tso_swordbearing_angel, serial_rivers,
          chequers_serial_rivers_micro_c, chequers_serial_rivers_micro_b,
          chequers_serial_rivers_large_a, chequers_serial_rivers_room_b,
          chequers_serial_rivers_room_b
D:5:      layout_rooms, mainiacjoe_overflow_cross_hatched
D:6:      layout_basic, mainiacjoe_overflow_small_starburst,
          nicolae_fountain_basement
D:7:      gammafunk_beogh_shrine, layout_layer_cave,
          minmay_temple_entry_gardened_gates, moated_statue
D:8:      minmay_chambers_of_sixes, layout_loops_ring, marbit_many_paths,
          dreamdust_princess_bridge, uniq_erica
D:9:      layout_cave_pods, serial_park, serial_park_tiny_1,
          serial_park_square2, serial_park_tiny_2, serial_park_square2,
          serial_park_tiny_2
D:10:     layout_long_grid, slow_altar_1
D:11:     layout_loops_cross, david_lair_generic, erik_orc_1,
          grunt_ministairs_8, okawaru_metal_pillars_1_2
D:12:     layout_big_octagon
D:13:     layout_roguey, skrybe_vaults_entry_preservation, grunt_gozag_statues,
          uniq_sonja, uniq_frances
D:14:     layout_basic, uniq_lodul
D:15:     grunt_enter_depths_hoard, layout_rooms, serial_park_tiny_2,
          uniq_roxanne
Temple:   eino_narrow_crystal_temple
Lair:1:   layout_concentric_octagons, serial_bayou_ford_a,
          grunt_forest_stairs_basic, uniq_gastronok
Lair:2:   nzn_winding_woodlands_small
          [nzn_winding_woodlands_5x15_river_crossing,
          nzn_winding_woodlands_center_garden,
          nzn_winding_woodlands_5x15_garden], layout_cave_pods,
          skrybe_swamp_entry_bodies, portal_ice_cave_entry_pillars_2,
          chequers_serial_rivers_marsh, beast_lair_carwin_7,
          infiniplex_staircase_pool
Lair:3:   regret_index_tunnel_blossom, layout_gridlike,
          spider_nest_entry_funnel_web
Lair:4:   layout_loops_ring, nicolae_slime_entry_slimehenge, evilmike_ambush
          [evilmike_ambush_outer_pillars, evilmike_ambush_inner_basic]
Lair:5:   grunt_lair_end_beastmaster, layout_regular_city, grunt_megastairs_5,
          uniq_nessos
Spider:1: layout_spider_delve, uniq_asterion
Orc:1:    layout_caves, serial_shops, nicolae_shop_window_shopping
Orc:2:    grunt_orc_tribal_feast, layout_caves, uniq_urug, uniq_jorgrun

Skill      XL: |  1  2  3  4  5  6  7  8  9 10 11 12 13 14 15 16 |
---------------+-------------------------------------------------+-----
Axes           | 3 4 5 7 9 11 14 16 18 | 18.0
Invocations    | 6 7 8 |  8.0
Fighting       | 4 8 12 14 17 18 19 | 19.4
Shields        | 4 6 7 9 11 12 13 | 13.5
Armour         | 4 6 9 11 12 13 14 | 14.5
Throwing       | 3 6 8 9 10 | 10.0

Action                     |  1- 3 |  4- 6 |  7- 9 | 10-12 | 13-15 | 16-18 || total
---------------------------+-------+-------+-------+-------+-------+-------++-------
  Melee: War axe           |    73 |    78 |   198 |   359 |    30 |       ||   738
         Headbutt          |     6 |    17 |    27 |    98 |   172 |    15 ||   335
         Broad axe         |       |       |       |   118 |   711 |    87 ||   916
  Throw: Boomerang         |    11 |       |       |       |     1 |       ||    12
         Javelin           |       |       |       |       |     2 |       ||     2
 Invoke: Heroism           |       |       |       |     6 |     4 |       ||    10
         Finesse           |       |       |       |     3 |     2 |       ||     5
  Evoke: Wand              |       |       |       |     1 |       |       ||     1
    Use: Scroll            |       |     5 |    11 |    10 |    14 |       ||    40
         Potion            |       |       |     3 |       |     5 |       ||     8
   Stab: Invisible         |       |       |       |       |    24 |       ||    24
         Distracted        |       |       |       |       |     1 |       ||     1
         Petrified         |       |       |       |       |     4 |       ||     4
 Armour: Scale mail        |    22 |       |       |       |       |       ||    22
         Chain mail        |    16 |    40 |    21 |       |       |       ||    77
         Plate armour      |       |       |   101 |   300 |   599 |    83 ||  1083
  Dodge: Dodged            |    42 |    32 |    59 |   117 |   462 |    67 ||   779
  Block: Buckler           |    13 |    10 |    32 |   109 |   340 |    69 ||   573
         Reflection        |       |       |       |       |    10 |       ||    10

Table legend: (Time is in decaauts)
 A = Elapsed time spent in this place.
 B = Non-inter-level travel time spent in this place.
 C = Inter-level travel time spent in this place.
 D = Time resting spent in this place.
 E = Time spent auto-exploring this place.
 F = Levels seen in this place.
 G = Mean time per level.
                   A        B        C        D        E       F      G
               +--------+--------+--------+--------+--------+-----+--------+
         Total |  20944 |  19481 |   1463 |    484 |  13279 |  25 |  837.8 |
       Dungeon |  12815 |  11766 |   1049 |    257 |   8107 |  15 |  854.3 |
        Temple |     12 |     12 |      0 |      0 |      0 |   1 |   12.0 |
          Lair |   5198 |   4887 |    311 |     58 |   3408 |   5 | 1039.6 |
   Spider Nest |    772 |    772 |      0 |      7 |    560 |   1 |  772.0 |
  Orcish Mines |   1657 |   1556 |    101 |     49 |   1135 |   2 |  828.5 |
      Ice Cave |    487 |    487 |      0 |    113 |     68 |   1 |  487.0 |
               +--------+--------+--------+--------+--------+-----+--------+

Top non-repeatable levels by time:
  Lair:5: 1385 daAuts
     D:7: 1385 daAuts
     D:4: 1199 daAuts
    D:13: 1198 daAuts
  Lair:2: 1103 daAuts
  Lair:3: 1096 daAuts
     D:8: 1089 daAuts
    D:11: 1055 daAuts
   Orc:2: 1015 daAuts
    D:14: 954 daAuts
     D:9: 876 daAuts
  Lair:1: 835 daAuts
  Lair:4: 776 daAuts
Spider:1: 772 daAuts
     D:3: 763 daAuts
